 Dungeon Crawl Stone Soup version 0.31-a0-1591-g515db51633 (webtiles) character file.

Game seed: 8155041694353617958

232535 2tousent the Warrior (level 17, -9/211 HPs)
             Began as a Black Draconian Shapeshifter on Jan 6, 2024.
             Was the Champion of Jiyva.
             Mangled by a tyrant leech (43 damage)
             ... on level 4 of the Swamp.
             The game lasted 01:36:54 (28582 turns).

2tousent the Warrior (DrSh)                        Turns: 28582, Time: 01:36:54

Health: -9/211     AC: 12    Str: 25    XL:     17   Next: 78%
Magic:  23/26      EV: 17    Int: 30    God:    Jiyva [******]
Gold:   2978       SH:  0    Dex: 15    Spells: 22/28 levels left

rFire   . .          .
                       - Unarmed
rCold   . . .        (shield currently unavailable)
rNeg    . . .        (body armour unavailable)
rPois   +            (helmet currently unavailable)
rElec   +            i - melded scarf {repulsion}
rCorr   +            m - melded +2 pair of gloves {Str+3}
SInv    .            (boots currently unavailable)
Will    ++...        h - amulet of the acrobat Stlth
                     y - ring of willpower
HPRegen 2.15/turn    I - ring "Culou" {rElec Str+6 Int+9 Stlth-}
MPRegen 1.00/turn

%: acrobat
@: snake-form
A: constrict, boosted hp, (breathe lightning), AC +9, large, unfitting armour,
(big wings), (electricity resistance), (cold-blooded), (hooves 1), (stinger 1),
clever 2, (cold resistance 1), (fire resistance 3), sense surroundings 2, robust
1, (acidic bite), (pseudopods 1), (jelly absorbing missiles)
}: 2/15 runes: serpentine, slimy
a: Begin Untransformation, Renounce Religion, Oozemancy, Slimify


You were on level 4 of the Swamp.
You worshipped Jiyva.
Jiyva was exalted by your worship.
You were an enormous serpent.
You visited 6 branches of the dungeon, and saw 35 of its levels.
You also visited: Bailey.

You collected 3153 gold pieces.
You spent 175 gold pieces at shops.

Inventory:

Missiles
 C - 2 throwing nets
Armour
 i - a scarf of repulsion (melded)
 m - a +2 pair of gloves of strength (melded)
Jewellery
 h - an amulet of the acrobat (around neck)
 j - an amulet of regeneration
 y - a ring of willpower (left hand)
 I - the ring "Culou" (right hand) {rElec Str+6 Int+9 Stlth-}
   (You found it on level 5 of the Pits of Slime)

   [ring of strength]

   Str+6:     It affects your strength (+6).
   Int+9:     It affects your intelligence (+9).
   rElec:     It insulates you from electricity.
   Stlth-:    It makes you less stealthy.
 J - a ring of ice
 K - a ring of protection from fire
 T - a ring of magical power
 V - an amulet of magic regeneration
Talismans
 b - a beast talisman
 c - a flux talisman
 l - a blade talisman
 v - a serpent talisman (active)
 Q - a maw talisman
Wands
 t - a wand of iceblast (24)
 u - a wand of paralysis (14)
 F - a wand of flame (12)
 S - a wand of digging (5)
 U - a wand of mindburst (7)
Scrolls
 f - a scroll of silence
 k - 4 scrolls of amnesia
 o - 3 scrolls of fear
 p - 2 scrolls of teleportation
 q - 2 scrolls of revelation
 w - 10 scrolls of noise
 B - 3 scrolls of torment
 E - 2 scrolls of fog
 G - 4 scrolls of identify
 H - 2 scrolls of immolation
 L - a scroll of blinking
 N - 2 scrolls of poison
Potions
 a - 2 potions of lignification
 d - 2 potions of might
 e - 4 potions of brilliance
 g - a potion of invisibility
 n - 2 potions of mutation
 r - 4 potions of attraction
 s - 5 potions of curing
 x - a potion of degeneration
 z - a potion of magic
 A - 3 potions of heal wounds
 D - 2 potions of ambrosia {unknown}
 M - a potion of resistance {unknown}
 O - a potion of berserk rage {unknown}
 P - a potion of haste {unknown}
 R - a potion of enlightenment {unknown}


   Skills:
 + Level 16.9 Fighting
 + Level 14.5 Dodging
 + Level 15.9 Unarmed Combat
 - Level 6.0 Spellcasting
 - Level 6.0 Translocations
 - Level 6.0 Air Magic
 * Level 15.7 Shapeshifting


You had 22 spell levels left.
You knew the following spells:

 Your Spells              Type           Power      Damage    Failure   Level
a - Vhi's Electric Charg  Tloc/Air       90%        N/A       4%          4
b - Blink                 Tloc           90%        N/A       1%          2

Your spell library contained the following spells:

 Spells                   Type           Power      Damage    Failure   Level
 Gell's Gravitas          Tloc           45%        N/A       1%          3
 Teleport Other           Tloc           45%        N/A       1%          3
 Passage of Golubria      Tloc           45%        N/A       4%          4
 Magic Dart               Conj           36%        1d4       5%          1
 Call Imp                 Summ           18%        N/A       8%          2
 Ozocubu's Armour         Ice            9%         N/A       16%         3
 Sigil of Binding         Hex            9%         N/A       16%         3
 Tukima's Dance           Hex            9%         N/A       16%         3
 Dimensional Bullseye     Hex/Tloc       13%        N/A       16%         4
 Iskenderun's Mystic Bla  Conj/Tloc      27%        2d7       16%         4
 Arcjolt                  Conj/Air       13%        1d23      38%         5
 Summon Forest            Summ/Tloc      13%        N/A       38%         5
 Brom's Barrelling Bould  Conj/Erth      9%         2d3       45%         4
 Cause Fear               Hex            4%         N/A       45%         4
 Flame Wave               Conj/Fire      9%         2d6       45%         4
 Ignite Poison            Fire/Alch      9%         N/A       45%         4
 Summon Blazeheart Golem  Fire/Summ      9%         N/A       45%         4
 Dispersal                Tloc           22%        N/A       56%         6
 Fireball                 Conj/Fire      4%         3d4       82%         5
 Iskenderun's Battlesphe  Conj           9%         2d6       82%         5
 Metabolic Englaciation   Hex/Ice        4%         N/A       82%         5
 Summon Mana Viper        Hex/Summ       9%         N/A       82%         5
 Yara's Violent Unravell  Hex/Alch       4%         3d4       82%         5
 Conjure Ball Lightning   Conj/Air       13%        3x3d6     93%         6
 Plasma Beam              Fire/Air       13%        2x1d24    93%         6
 Sculpt Simulacrum        Ice/Alch       4%         N/A       100%        6
 Summon Cactus Giant      Summ           4%         N/A       100%        6
 Orb of Destruction       Conj           4%         9d5       100%        7
 Ignition                 Fire           4%         3d4       100%        8


Dungeon Overview and Level Annotations

Branches:
Dungeon (15/15)            Temple (0/1) D:5            Lair (5/5) D:10
  Swamp (4/4) Lair:3        Snake (4/4) Lair:3        Slime (5/5) Lair:4
    Orc (2/2) D:10            Elf (0/3) Orc:2        Vaults (0/5) D:14
 Depths (0/4) D:15         Bailey (visited)

Altars:
Cheibriados
Dithmenos
Okawaru
Ru
Trog
Vehumet
Wu Jian
Yredelemnul
Jiyva

Shops:
D:5 *   D:10 ?   Orc:1 !   Orc:2 [[[(   Snake:3 [   Snake:4 [

Portals:
Trove: D:13 (give 14 potions of curing)

Annotations:
D:9 3 runed translucent doors, Flugslaktarn's ghost, novice OpAl; Gruesome's ghost, journeyman OpBr; tulseluper1's ghost, novice MiFi
Snake:1 2 transporters
Slime:5 Dissolution; Royal Jelly


Innate Abilities, Weirdness & Mutations

You are an enormous serpent.
You have a powerful constriction melee attack.
Your maximum health is increased.
Your armour is entirely melded.
You are incapable of wielding weapons or throwing items.
((You can breathe wild blasts of lightning.))
((Your glossy black scales are hard. (AC +9)))
You cannot fit into any form of body armour.
((Your large and strong wings let you fly.))
((You are resistant to electric shocks. (rElec)))
((You are cold-blooded and may be slowed by cold attacks.))
((You have large cloven feet.))
((Your tail ends in a venomous barb.))
Your mind is very acute. (Int +8, Str/Dex -2)
((Your flesh is cold resistant. (rC+)))
((Your flesh is almost immune to the effects of heat. (rF+++)))
You passively map the area around you.
You are robust. (+10% HP)
((You have acidic saliva.))
((Armour fits poorly on your pseudopods.))
((You have a small jelly attached to you that may absorb projectiles.))


Message History

Press: ? - help, Dir - move target, f - will-o-the-wisp
Aim: a will-o-the-wisp (wisps of flame, 86% to hit)
You charge forward with an electric crackle!
Found a scroll of blinking.
You body-slam the will-o-the-wisp!!
The will-o-the-wisp is heavily damaged.
The tyrant leech bites you!!
The tyrant leech draws strength from your injuries!
The will-o-the-wisp engulfs you.
You body-slam the will-o-the-wisp!!
You destroy the will-o-the-wisp!
You hit the bog body. You grab the bog body.
The bog body is lightly damaged.
You constrict the bog body. The tyrant leech bites you!!
The tyrant leech draws strength from your injuries!
You body-slam the bog body!!
The bog body is severely damaged.
You constrict the bog body.
The bog body points at you and mumbles some strange words.
The bolt of cold hits you!! The tyrant leech completely misses you.
You body-slam the bog body!!
You destroy the bog body!
You are engulfed in freezing vapours.
The tyrant leech completely misses you. The ghoul completely misses you.
The ghoul closely misses you.
You crush the tyrant leech!!! You grab the tyrant leech.
The tyrant leech is severely wounded.
You constrict the tyrant leech. The tyrant leech bites you!!!
* * * LOW HITPOINT WARNING * * *
The tyrant leech draws strength from your injuries!
You hit the tyrant leech.
The tyrant leech is heavily wounded.
You constrict the tyrant leech. The ghoul claws you!
* * * LOW HITPOINT WARNING * * *
The ghoul splashes around in the water. x2; The ghoul claws you!
* * * LOW HITPOINT WARNING * * *
You feel much better.
You constrict the tyrant leech. The ghoul barely misses you.
The ghoul claws you!!
* * * LOW HITPOINT WARNING * * *
The tyrant leech bites you!!!
You die...

♣♣♣♣ ♣♣♣♣♣♣ ~ ♣♣...♣♣
♣...§♣ ♣♣♣♣* ♣.~~~.♣
♣§~~~♣♣ *?~~.~ *
~*♣.~~~<♣ ♣~~~~.♣♣..~ ~ ,
*♣.~...♣ ♣.~..~~♣~.~ ,
♣♣.....♣ ♣......~♣ , ~,
♣~.~..)♣♣ ♣.~~.~~.♣* * ~~
.~~..~.~~♣♣♣♣~~n~§~♣ ~,
.~...~.♣..♣~...wS♣♣..~.~
~ *
.~~~~§~.....†~.n..~~~~~~~
.~~~~~~.~~~~~~§~~:~~~~~~
~ *
~.~~~~~~~~~~~~.~~~~~~~~~
*
~.~~~~~~~~~~..~.~♣..~~~~
,
~~~~~~~~~~....~....§~~.~,
~..~~~..~~~..♣.~..~~.. ,
~~♣(.♣♣~§.~~~.♣..$.~~.. ,
, .~ ♣♣♣♣♣?♣♣♣ ♣. *


You could see 2 ghouls and a tyrant leech (strong).

Vanquished Creatures
  Frances (Swamp:2)
  Agnes (Snake:2)
  16 nagarajas
  An emperor scorpion (D:15)
  An eleionoma (Swamp:1)
  3 bunyips
  Josephine (Orc:1)
  6 vault guards (D:14)
  Harold (D:11)
  An ogre mage (D:15)
  8 hydras
  Fannar (Orc:1)
  3 centaur warriors
  2 ghost crabs (Swamp:2)
  5 anacondas
  A salamander tyrant (Snake:2)
  10 alligators
  6 two-headed ogres
  3 death yaks (Lair:4)
  20 naga warriors
  4 boulder beetles
  Urug (Orc:1)
  18 naga sharpshooters
  3 tengu warriors
  3 orc high priests (Orc:2)
  8 shock serpents
  9 skeletal warriors (D:15)
  4 skysharks
  4 salamander mystics
  A goliath frog (Swamp:2)
  4 spriggan druids
  A swamp dragon (Swamp:4)
  5 bog bodies
  A death drake (shapeshifter) (D:13)
  Pikel (D:7)
  6 orc knights
  8 mana vipers
  2 deep elf pyromancers
  5 naga ritualists
  2 cyclopes
  5 manticores
  7 orc sorcerers
  8 ugly things
  10 salamanders
  17 elephants
  Maurice (Orc:1)
  2 will-o-the-wisps
  19 naga magi
  29 black mambas
  6 kobold blastminers
  4 guardian serpents
  17 cane toads
  A torpor snail (Lair:3)
  Maggie (Lair:1)
  3 rime drakes
  10 komodo dragons
  2 tengu conjurers (D:15)
  An efreet (D:14)
  3 yaktaurs (D:15)
  A bloated husk (Swamp:3)
  3 polar bears (Lair:5)
  4 trolls
  6 tyrant leeches
  14 hornets
  14 blink frogs
  A dream sheep (Lair:5)
  2 shadows
  6 wraiths
  4 wyverns
  A yak (shapeshifter) (D:13)
  22 spriggans
  5 humans (D:14)
  37 yaks
  A steam dragon (D:8)
  10 vampire mosquitoes
  An acid dragon (D:12)
  13 swamp worms
  37 nagas
  11 water moccasins
  An ice beast (shapeshifter) (D:14)
  22 orc warriors
  2 ice beasts
  6 black bears
  2 laughing skulls (D:14)
  5 boggarts (Lair:5)
  27 wolves
  9 ogres
  4 lemures (D:7)
  A kobold brigand (D:8)
  16 bullfrogs
  2 gnoll sergeants
  3 scorpions
  4 wights (D:8)
  21 killer bees
  A howler monkey (D:11)
  2 hounds
  18 orc priests
  5 iguanas
  A sleepcap (D:8)
  15 orc wizards
  14 gnolls
  4 adders
  A white imp (D:7)
  3 dart slugs
  3 ribbon worms (D:2)
  81 orcs
  10 ball pythons
  7 giant cockroaches
  9 goblins
  9 hobgoblins
  4 jackals
  4 quokkas
  4 bats
  7 frilled lizards
  12 kobolds
  6 rats
865 creatures vanquished.

Vanquished Creatures (collateral kills)
  A catoblepas (Lair:1)
  An orc wizard (Orc:2)
2 creatures vanquished.

Vanquished Creatures (others)
  2 azure jellies
  An alligator (Swamp:3)
  An unseen horror (D:10)
  A bloated husk (Swamp:2)
  A spriggan (Lair:5)
  3 yaks
  A human (D:14)
  A swamp worm (Swamp:2)
  An orc warrior (Orc:1)
  A water moccasin (Lair:3)
  A sky beast (D:7)
  An ogre (Orc:1)
  A phantom (D:6)
  A bullfrog (Lair:1)
  A killer bee (D:8)
  3 howler monkeys
  115 jellies
  2 hounds
  An iguana (D:6)
  4 orc wizards
  A gnoll (D:2)
  4 adders
  A white imp (D:6)
  A ribbon worm (D:2)
  8 orcs
  4 bats (D:2)
  An endoplasm (Lair:4)
  A goblin (D:2)
  3 jackals (D:3)
  3 kobolds
  A quokka (D:2)
  2 rats (D:2)
  4 foxfires
177 creatures vanquished.

Grand Total: 1044 creatures vanquished

Notes
Turn   | Place    | Note
-------+----------+-------------------------------------------
     0 | D:1      | 2tousent the Draconian Shapeshifter began the quest for the
                  | Orb.
     0 | D:1      | Reached XP level 1. HP: 16/16 MP: 1/1
   174 | D:1      | Reached XP level 2. HP: 23/23 MP: 2/2
   276 | D:1      | Found a faded altar of an unknown god.
   335 | D:1      | Prayed at the altar of an unknown god.
   335 | D:1      | Became a worshipper of Jiyva Joqakas the Shapeless
   335 | D:1      | Reached * piety under Jiyva
   525 | D:1      | Reached XP level 3. HP: 29/29 MP: 3/3
  1005 | D:2      | Reached ** piety under Jiyva
  1054 | D:2      | Reached skill level 2 in Fighting
  1815 | D:3      | Reached XP level 4. HP: 34/36 MP: 4/4
  1858 | D:3      | Noticed an ice beast
  1870 | D:3      | Killed an ice beast
  1871 | D:3      | Reached XP level 5. HP: 23/42 MP: 5/5
  2167 | D:3      | Reached skill level 3 in Fighting
  2546 | D:4      | Reached *** piety under Jiyva
  2552 | D:4      | Reached XP level 6. HP: 51/51 MP: 6/6
  2699 | D:4      | Gained mutation: You possess an exceptional clarity of
                  | mind. [Jiyva's grace]
  2699 | D:4      | Gained mutation: Your body has grown eyes which may confuse
                  | attackers. (Acc +3) [Jiyva's grace]
  2699 | D:4      | Gained mutation: Your body has grown many eyes which may
                  | confuse attackers. (Acc +5) [Jiyva's grace]
  2699 | D:4      | Gained mutation: Your body is covered in eyes which may
                  | confuse attackers. (Acc +7, SInv) [Jiyva's grace]
  3256 | D:5      | Entered Level 5 of the Dungeon
  3256 | D:5      | Found Geregal's General Store.
  3259 | D:5      | Bought a scroll of teleportation for 42 gold pieces
  3331 | D:5      | Noticed a sky beast
  3337 | D:5      | Reached **** piety under Jiyva
  3342 | D:5      | Slimified a sky beast
  3342 | D:5      | a sky beast changed into a jelly
  3451 | D:5      | Reached skill level 5 in Shapeshifting
  3628 | D:5      | Your scales start taking on a glossy black colour.
  3628 | D:5      | Reached XP level 7. HP: 58/58 MP: 5/7
  3628 | D:5      | Gained mutation: You are resistant to electric shocks.
                  | (rElec) [Black Draconian growth]
  3721 | D:5      | Found a staircase to the Ecumenical Temple.
  3796 | D:5      | Lost mutation: Your body is covered in eyes which may
                  | confuse attackers. (Acc +7, SInv) [Jiyva's grace]
  3796 | D:5      | Gained mutation: You have supernaturally acute eyesight.
                  | (SInv) [Jiyva's grace]
  3796 | D:5      | Gained mutation: You are covered in slimy tendrils that may
                  | disarm your opponents. [Jiyva's grace]
  3796 | D:5      | Gained mutation: Your flesh is cold resistant. (rC+)
                  | [Jiyva's grace]
  3796 | D:5      | Gained mutation: Your flesh is very cold resistant. (rC++)
                  | [Jiyva's grace]
  4166 | D:6      | Reached skill level 4 in Fighting
  4929 | D:7      | Found a flagged portal.
  4971 | D:8      | Reached ***** piety under Jiyva
  5040 | Bailey   | Entered a bailey
  5056 | Bailey   | Reached skill level 5 in Unarmed Combat
  5056 | Bailey   | Reached XP level 8. HP: 51/67 MP: 8/8
  5227 | Bailey   | Reached skill level 5 in Fighting
  5257 | Bailey   | Identified the +10 plate armour of Disguise {Slay+3}
  5449 | D:7      | Reached skill level 5 in Dodging
  5527 | D:7      | Noticed Pikel
  5545 | D:7      | Killed Pikel
  5546 | D:7      | Reached skill level 6 in Fighting
  5546 | D:7      | Reached XP level 9. HP: 62/78 MP: 9/9
  5590 | D:7      | Lost mutation: Your flesh is very cold resistant. (rC++)
                  | [Jiyva's grace]
  5590 | D:7      | Lost mutation: You are covered in slimy tendrils that may
                  | disarm your opponents. [Jiyva's grace]
  5590 | D:7      | Gained mutation: Your melee attacks may engulf your foes in
                  | ooze. [Jiyva's grace]
  5590 | D:7      | Gained mutation: Your large and strong wings let you fly.
                  | [Jiyva's grace]
  5590 | D:7      | Gained mutation: You have sharp toenails. [Jiyva's grace]
  5590 | D:7      | Gained mutation: You have razor-sharp toenails. [Jiyva's
                  | grace]
  6000 | D:8      | Reached skill level 7 in Fighting
  6753 | D:8      | Reached XP level 10. HP: 88/88 MP: 10/10
  7093 | D:9      | Reached skill level 8 in Fighting
  7292 | D:9      | Identified the +2 robe "Awnab" {rElec rC++ Int-3 Archmagi}
  7333 | D:9      | Found a runed translucent gate.
  7334 | D:9      | Found a runed translucent gate.
  7335 | D:9      | Found a runed translucent gate.
  7335 | D:9      | Noticed tulseluper1's ghost (novice MiFi)
  7335 | D:9      | Noticed Flugslaktarn's ghost (novice OpAl)
  7335 | D:9      | Noticed Gruesome's ghost (journeyman OpBr)
  7354 | D:9      | Identified the +5 falchion of Seinynn {pain, rC+ Will+}
  7589 | D:9      | Reached skill level 9 in Fighting
  7772 | D:9      | Identified a scroll of acquirement
  7772 | D:9      | Acquired 1027 gold pieces
  7777 | D:10     | Entered Level 10 of the Dungeon
  7794 | D:10     | Found Vehysul's Magic Scroll Shop.
  7799 | D:10     | Bought a scroll of identify for 28 gold pieces
  7799 | D:10     | Bought a scroll of revelation for 105 gold pieces
  7884 | D:10     | Found a staircase to the Lair.
  7884 | D:10     | Noticed an elephant
  7898 | D:10     | Killed an elephant
  7899 | D:10     | Reached XP level 11. HP: 86/97 MP: 11/11
  7985 | D:10     | Found an iron altar of Okawaru.
  8010 | D:10     | Found a staircase to the Orcish Mines.
  8142 | D:10     | Lost mutation: Your flesh is cold resistant. (rC+) [Jiyva's
                  | grace]
  8142 | D:10     | Lost mutation: Your body has grown many eyes which may
                  | confuse attackers. (Acc +5) [Jiyva's grace]
  8142 | D:10     | Lost mutation: Your melee attacks may engulf your foes in
                  | ooze. [Jiyva's grace]
  8142 | D:10     | Gained mutation: Your mind is acute. (Int +4, Str/Dex -1)
                  | [Jiyva's grace]
  8142 | D:10     | Gained mutation: Your mind is very acute. (Int +8, Str/Dex
                  | -2) [Jiyva's grace]
  8142 | D:10     | Gained mutation: You are partially covered in large bone
                  | plates. (SH +4) [Jiyva's grace]
  8142 | D:10     | Gained mutation: You are mostly covered in large bone
                  | plates. (SH +6) [Jiyva's grace]
  8222 | D:10     | Found a snail-covered altar of Cheibriados.
  8230 | D:10     | Found a basalt altar of Yredelemnul.
  8237 | D:10     | Found an ornate altar of the Wu Jian Council.
  8239 | D:10     | Found a shadowy altar of Dithmenos.
  8247 | D:10     | Found a sacrificial altar of Ru.
  8255 | D:10     | Found a radiant altar of Vehumet.
  8260 | D:10     | Found a bloodstained altar of Trog.
  8575 | D:11     | Noticed a two-headed ogre
  8584 | D:11     | Killed a two-headed ogre
  8930 | D:11     | Noticed a two-headed ogre
  8937 | D:11     | Killed a two-headed ogre
  8938 | D:11     | Reached skill level 10 in Fighting
  9051 | D:11     | Noticed Harold
  9075 | D:11     | Killed Harold
  9101 | D:11     | Noticed a tengu warrior
  9109 | D:11     | Killed a tengu warrior
  9800 | D:12     | Lost mutation: You are mostly covered in large bone plates.
                  | (SH +6) [Jiyva's grace]
  9800 | D:12     | Gained mutation: Your melee attacks may engulf your foes in
                  | ooze. [Jiyva's grace]
  9800 | D:12     | Gained mutation: Your body has grown many eyes which may
                  | confuse attackers. (Acc +5) [Jiyva's grace]
  9800 | D:12     | Gained mutation: Your body is covered in eyes which may
                  | confuse attackers. (Acc +7, SInv) [Jiyva's grace]
  9800 | D:12     | Gained mutation: You are robust. (+10% HP) [Jiyva's grace]
  9822 | D:12     | Noticed a deep elf pyromancer
  9830 | D:12     | Killed a deep elf pyromancer
  9911 | D:12     | Noticed a boulder beetle
  9930 | D:12     | Killed a boulder beetle
  9931 | D:12     | Reached skill level 10 in Unarmed Combat
 10031 | D:12     | Found a sacrificial altar of Ru.
 10148 | D:12     | Noticed a boulder beetle
 10168 | D:12     | Killed a boulder beetle
 10200 | D:12     | Noticed a green ugly thing
 10256 | Lair:1   | Entered Level 1 of the Lair of Beasts
 10349 | Lair:1   | Reached skill level 10 in Shapeshifting
 10402 | Lair:1   | Noticed Maggie
 10410 | Lair:1   | Reached XP level 12. HP: 97/118 MP: 12/12
 10424 | Lair:1   | Killed Maggie
 10436 | Lair:1   | Noticed a catoblepas
 10442 | Lair:1   | Killed a catoblepas
 10443 | Lair:1   | Reached skill level 11 in Fighting
 10482 | Lair:1   | Learned a level 4 spell: Vhi's Electric Charge
 10551 | Lair:1   | Reached skill level 1 in Air Magic
 10557 | Lair:1   | Reached skill level 1 in Spellcasting
 10557 | Lair:1   | Reached skill level 1 in Translocations
 10602 | Lair:1   | Reached ****** piety under Jiyva
 11203 | Lair:2   | Noticed a five-headed hydra
 11208 | Lair:2   | Slimified a five-headed hydra
 11208 | Lair:2   | a five-headed hydra changed into a slime creature
 11422 | Lair:2   | Lost mutation: You have razor-sharp toenails. [Jiyva's
                  | grace]
 11422 | Lair:2   | Lost mutation: You are robust. (+10% HP) [Jiyva's grace]
 11422 | Lair:2   | Lost mutation: Your body is covered in eyes which may
                  | confuse attackers. (Acc +7, SInv) [Jiyva's grace]
 11422 | Lair:2   | Gained mutation: Your body is covered in eyes which may
                  | confuse attackers. (Acc +7, SInv) [Jiyva's grace]
 11422 | Lair:2   | Gained mutation: You have acidic saliva. [Jiyva's grace]
 11422 | Lair:2   | Gained mutation: Your system is resistant to poisons.
                  | (rPois) [Jiyva's grace]
 11422 | Lair:2   | Gained mutation: You have razor-sharp toenails. [Jiyva's
                  | grace]
 11863 | Lair:3   | Reached skill level 10 in Dodging
 11898 | Lair:3   | Found a staircase to the Snake Pit.
 12034 | Lair:3   | Found a staircase to the Swamp.
 12041 | Lair:3   | Noticed an eight-headed hydra
 12054 | Lair:3   | Killed an eight-headed hydra
 12057 | Lair:3   | Reached XP level 13. HP: 84/117 MP: 17/17
 12660 | Lair:4   | Reached skill level 5 in Air Magic
 12664 | Lair:4   | Reached skill level 12 in Fighting
 12690 | Lair:4   | a death yak changed into an azure jelly
 12690 | Lair:4   | Noticed an azure jelly
 12694 | Lair:4   | Killed an azure jelly
 12703 | Lair:4   | Reached skill level 5 in Translocations
 12745 | Lair:4   | Lost mutation: Your large and strong wings let you fly.
                  | [Jiyva's grace]
 12745 | Lair:4   | Lost mutation: You have supernaturally acute eyesight.
                  | (SInv) [Jiyva's grace]
 12745 | Lair:4   | Lost mutation: Your body is covered in eyes which may
                  | confuse attackers. (Acc +7, SInv) [Jiyva's grace]
 12745 | Lair:4   | Lost mutation: Your body has grown many eyes which may
                  | confuse attackers. (Acc +5) [Jiyva's grace]
 12745 | Lair:4   | Gained mutation: Your rubbery body absorbs attacks. (AC +1,
                  | EV +1) [Jiyva's grace]
 12745 | Lair:4   | Gained mutation: Your pliable body absorbs attacks. (AC +2,
                  | EV +2) [Jiyva's grace]
 12745 | Lair:4   | Gained mutation: Your gelatinous body deflects attacks. (AC
                  | +3, EV +3) [Jiyva's grace]
 12745 | Lair:4   | Gained mutation: You have a small jelly attached to you
                  | that may absorb projectiles. [Jiyva's grace]
 12747 | Lair:4   | Found a viscous altar of Jiyva.
 12806 | Lair:4   | Reached skill level 5 in Spellcasting
 13228 | Lair:4   | Found a staircase to the Slime Pits.
 13406 | Lair:5   | Entered Level 5 of the Lair of Beasts
 13531 | Slime:1  | Entered Level 1 of the Pits of Slime
 13593 | Slime:1  | Noticed a quicksilver ooze
 13631 | Slime:1  | Noticed an acid blob
 13633 | Slime:1  | Noticed a rockslime
 13686 | Slime:1  | Noticed an acid blob
 13722 | Slime:2  | Noticed an acid blob
 13722 | Slime:2  | Noticed an azure jelly
 13735 | Slime:3  | Noticed an azure jelly
 13776 | Slime:3  | Noticed an acid blob
 13782 | Slime:3  | Noticed an azure jelly
 13790 | Slime:4  | Noticed a quicksilver ooze
 13794 | Slime:4  | Found a viscous altar of Jiyva.
 13799 | Slime:4  | Noticed an acid blob
 13817 | Slime:4  | Noticed an acid blob
 13849 | Slime:5  | Entered Level 5 of the Pits of Slime
 13849 | Slime:5  | Noticed an acid blob
 13880 | Slime:5  | Noticed a quicksilver ooze
 13916 | Slime:5  | Noticed an acid blob
 13955 | Slime:5  | Noticed an acid blob
 13972 | Slime:5  | Found a viscous altar of Jiyva.
 13972 | Slime:5  | Noticed an azure jelly
 13973 | Slime:5  | Noticed an azure jelly
 13973 | Slime:5  | Noticed the Royal Jelly
 13976 | Slime:5  | Noticed an azure jelly
 13979 | Slime:5  | Noticed a rockslime
 13981 | Slime:5  | Identified the ring "Culou" {rElec Str+6 Int+9 Stlth-}
 13987 | Slime:5  | Noticed an acid blob
 14001 | Slime:5  | Identified the +4 morningstar of Goivis {spect, Int+3}
 14021 | Slime:5  | Got a starry gem with 112 turns to spare
 14025 | Slime:5  | Got a slimy rune of Zot
 14029 | Slime:5  | Got Sif Muna's Anthology of the Fair Folk
 14038 | Slime:5  | Noticed an acid blob
 14046 | Slime:5  | Noticed Dissolution
 14061 | Slime:5  | Noticed a rockslime
 14079 | Slime:5  | Noticed an azure jelly
 14127 | Slime:5  | Noticed an acid blob
 14132 | Slime:5  | Lost the starry gem through the power of Zot.Gained a life
                  | (8 lives remaining)
 14189 | Slime:5  | Noticed an acid blob
 14199 | Slime:5  | Noticed a quicksilver ooze
 14210 | Slime:5  | Noticed an acid blob
 14242 | Slime:5  | Noticed a rockslime
 14402 | Slime:5  | Noticed an azure jelly
 14525 | Slime:5  | Noticed a quicksilver ooze
 14537 | Slime:5  | Got the Reference Book on Liminal Jinxing
 14539 | Slime:5  | Got Pasch's Folio of Incandescence
 14563 | Slime:5  | Noticed an acid blob
 14635 | Slime:5  | Noticed an acid blob
 14697 | Slime:4  | Noticed an acid blob
 15001 | Slime:3  | Noticed a quicksilver ooze
 15106 | Slime:2  | Noticed a rockslime
 15106 | Slime:2  | Noticed an acid blob
 15366 | Lair:5   | Noticed Rupert
 15384 | Lair:5   | Slimified Rupert
 15384 | Lair:5   | Rupert changed into Rupert the acid blob
 15384 | Lair:5   | Noticed Rupert
 15514 | Lair:5   | Gained mutation: Your large and strong wings let you fly.
                  | [Black Draconian growth]
 15514 | Lair:5   | Reached XP level 14. HP: 69/127 MP: 21/21
 15750 | Lair:5   | Got an earthy gem with 67 turns to spare
 15751 | Lair:5   | Identified the +7 dire flail "Anulumon" {pain, Int+3}
 15756 | Lair:5   | Identified the staff of Folur {^Drain rElec rPois rN+
                  | Will++ Alchemy}
 15821 | Lair:5   | Lost the earthy gem through the power of Zot.Gained a life
                  | (3 lives remaining)
 15883 | Lair:5   | Reached skill level 13 in Fighting
 16177 | Orc:1    | Entered Level 1 of the Orcish Mines
 16204 | Orc:1    | Noticed Josephine
 16212 | Orc:1    | Killed Josephine
 16239 | Orc:1    | Found a radiant altar of Vehumet.
 16283 | Orc:1    | Noticed Urug
 16293 | Orc:1    | Killed Urug
 16351 | Orc:1    | Lost mutation: You have razor-sharp toenails. [Jiyva's
                  | grace]
 16351 | Orc:1    | Lost mutation: You have sharp toenails. [Jiyva's grace]
 16351 | Orc:1    | Lost mutation: Your system is resistant to poisons. (rPois)
                  | [Jiyva's grace]
 16351 | Orc:1    | Lost mutation: Your body has grown eyes which may confuse
                  | attackers. (Acc +3) [Jiyva's grace]
 16351 | Orc:1    | Gained mutation: You passively map a small area around you.
                  | [Jiyva's grace]
 16351 | Orc:1    | Gained mutation: You passively map the area around you.
                  | [Jiyva's grace]
 16351 | Orc:1    | Gained mutation: You passively map a large area around you.
                  | [Jiyva's grace]
 16351 | Orc:1    | Gained mutation: A frigid envelope surrounds you and
                  | freezes all who hurt you. [Jiyva's grace]
 16364 | Orc:1    | Noticed an orc warlord
 16368 | Orc:1    | Slimified an orc warlord
 16368 | Orc:1    | an orc warlord changed into an azure jelly
 16368 | Orc:1    | Noticed an azure jelly
 16547 | Orc:1    | Found Zoke's Distillery.
 16612 | Orc:2    | Entered Level 2 of the Orcish Mines
 16721 | Orc:2    | Found a staircase to the Elven Halls.
 16824 | Orc:2    | Found Xuprun's Weapon Shop.
 16840 | Orc:2    | Found Etourpho's Antique Armour Shoppe.
 16923 | Orc:2    | Found Yneimis's Antique Armour Shoppe.
 16925 | Orc:2    | Found Mealaidgh's Antique Armour Shop.
 17452 | Orc:1    | Noticed Maurice
 17459 | Orc:1    | Noticed Fannar
 17461 | Orc:1    | Killed Maurice
 17480 | Orc:1    | Killed Fannar
 17880 | D:12     | Lost mutation: You are partially covered in large bone
                  | plates. (SH +4) [Jiyva's grace]
 17880 | D:12     | Lost mutation: You possess an exceptional clarity of mind.
                  | [Jiyva's grace]
 17880 | D:12     | Lost mutation: A frigid envelope surrounds you and freezes
                  | all who hurt you. [Jiyva's grace]
 17880 | D:12     | Lost mutation: Your gelatinous body deflects attacks. (AC
                  | +3, EV +3) [Jiyva's grace]
 17880 | D:12     | Lost mutation: Your pliable body absorbs attacks. (AC +2,
                  | EV +2) [Jiyva's grace]
 17880 | D:12     | Gained mutation: You are robust. (+10% HP) [Jiyva's grace]
 17880 | D:12     | Gained mutation: You are very robust. (+20% HP) [Jiyva's
                  | grace]
 17880 | D:12     | Gained mutation: You are extremely robust. (+30% HP)
                  | [Jiyva's grace]
 17880 | D:12     | Gained mutation: You have sharp fingernails. [Jiyva's
                  | grace]
 18739 | D:13     | Found a portal to a secret trove of treasure.
 19391 | D:14     | Reached XP level 15. HP: 146/178 MP: 24/24
 19559 | D:14     | Reached skill level 14 in Fighting
 19771 | D:14     | Learned a level 2 spell: Blink
 19913 | D:14     | Found a gate to the Vaults.
 19921 | D:14     | Identified the +4 broad axe of Popular Demand {vamp, rF+
                  | Dex+3}
 19960 | D:14     | Lost mutation: You have sharp fingernails. [Jiyva's grace]
 19960 | D:14     | Lost mutation: You passively map a large area around you.
                  | [Jiyva's grace]
 19960 | D:14     | Lost mutation: You are extremely robust. (+30% HP) [Jiyva's
                  | grace]
 19960 | D:14     | Lost mutation: Your rubbery body absorbs attacks. (AC +1,
                  | EV +1) [Jiyva's grace]
 19960 | D:14     | Gained mutation: Your tail ends in a venomous barb.
                  | [Jiyva's grace]
 19960 | D:14     | Gained mutation: Your tail ends in a sharp venomous barb.
                  | [Jiyva's grace]
 19960 | D:14     | Gained mutation: Your tail ends in a wickedly sharp and
                  | venomous barb. [Jiyva's grace]
 19960 | D:14     | Gained mutation: You passively map a large area around you.
                  | [Jiyva's grace]
 20193 | D:14     | Identified the +6 broad axe of Certain Death {antimagic,
                  | rCorr Int+3}
 20247 | D:15     | Entered Level 15 of the Dungeon
 20555 | D:15     | a dire elephant changed into an azure jelly
 20555 | D:15     | Noticed an azure jelly
 20632 | D:15     | Noticed an emperor scorpion
 20647 | D:15     | Killed an emperor scorpion
 20700 | D:15     | Killed an azure jelly
 20714 | D:15     | Found a staircase to the Depths.
 21405 | Snake:1  | Entered Level 1 of the Snake Pit
 21505 | Snake:1  | Found a transporter.
 21866 | Snake:1  | Found a transporter.
 22419 | Snake:1  | Lost mutation: You passively map a large area around you.
                  | [Jiyva's grace]
 22419 | Snake:1  | Lost mutation: You are very robust. (+20% HP) [Jiyva's
                  | grace]
 22419 | Snake:1  | Lost mutation: Your melee attacks may engulf your foes in
                  | ooze. [Jiyva's grace]
 22419 | Snake:1  | Gained mutation: Armour fits poorly on your pseudopods.
                  | [Jiyva's grace]
 22419 | Snake:1  | Gained mutation: Armour fits poorly on your large
                  | pseudopods. [Jiyva's grace]
 22419 | Snake:1  | Gained mutation: Armour fits poorly on your massive
                  | pseudopods. [Jiyva's grace]
 22419 | Snake:1  | Gained mutation: You are agile. (Dex +4, Str/Int -1)
                  | [Jiyva's grace]
 22771 | Snake:2  | Noticed Agnes
 22841 | Snake:2  | Killed Agnes
 22968 | Snake:2  | Reached skill level 15 in Fighting
 23095 | Snake:2  | Reached XP level 16. HP: 129/163 MP: 25/25
 23312 | Snake:2  | Noticed Asterion
 23316 | Snake:2  | Slimified Asterion
 23316 | Snake:2  | Asterion changed into Asterion the azure jelly
 23316 | Snake:2  | Noticed Asterion
 23990 | Snake:3  | Found Efodet's Armour Boutique.
 24721 | Snake:4  | Entered Level 4 of the Snake Pit
 24962 | Snake:4  | Found Rosa's Armour Boutique.
 24964 | Snake:4  | Lost mutation: Your tail ends in a wickedly sharp and
                  | venomous barb. [Jiyva's grace]
 24964 | Snake:4  | Lost mutation: Your tail ends in a sharp venomous barb.
                  | [Jiyva's grace]
 24964 | Snake:4  | Lost mutation: Armour fits poorly on your massive
                  | pseudopods. [Jiyva's grace]
 24964 | Snake:4  | Gained mutation: You have large cloven feet. [Jiyva's
                  | grace]
 24964 | Snake:4  | Gained mutation: You have hoof-like feet. [Jiyva's grace]
 24964 | Snake:4  | Gained mutation: You have hooves in place of feet. [Jiyva's
                  | grace]
 24964 | Snake:4  | Gained mutation: You are very robust. (+20% HP) [Jiyva's
                  | grace]
 25386 | Snake:4  | Reached skill level 15 in Unarmed Combat
 25527 | Snake:4  | Reached skill level 16 in Fighting
 26009 | Snake:4  | Reached XP level 17. HP: 96/189 MP: 22/26
 26665 | Snake:4  | Got a serpentine rune of Zot
 26835 | Swamp:1  | Entered Level 1 of the Swamp
 26884 | Swamp:1  | Reached skill level 15 in Shapeshifting
 27343 | Swamp:2  | Noticed Frances
 27353 | Swamp:2  | Killed Frances
 27687 | Swamp:2  | Lost mutation: You have hooves in place of feet. [Jiyva's
                  | grace]
 27687 | Swamp:2  | Lost mutation: You have hoof-like feet. [Jiyva's grace]
 27687 | Swamp:2  | Lost mutation: You are agile. (Dex +4, Str/Int -1) [Jiyva's
                  | grace]
 27687 | Swamp:2  | Lost mutation: You are very robust. (+20% HP) [Jiyva's
                  | grace]
 27687 | Swamp:2  | Lost mutation: Armour fits poorly on your large pseudopods.
                  | [Jiyva's grace]
 27687 | Swamp:2  | Gained mutation: Your flesh is heat resistant. (rF+)
                  | [Jiyva's grace]
 27687 | Swamp:2  | Gained mutation: Your flesh is very heat resistant. (rF++)
                  | [Jiyva's grace]
 27687 | Swamp:2  | Gained mutation: Your flesh is almost immune to the effects
                  | of heat. (rF+++) [Jiyva's grace]
 27687 | Swamp:2  | Gained mutation: Your flesh is cold resistant. (rC+)
                  | [Jiyva's grace]
 28415 | Swamp:4  | Entered Level 4 of the Swamp
 28582 | Swamp:4  | Mangled by a tyrant leech

Illustrated notes

Levels and vault maps discovered:
D:1:      erik_arrival_orb_chamber, layout_loops_ring,
          shapermc_ecumenical_altar_starsandcircs
D:2:      minmay_razor_zed, layout_basic, minivault_4
D:3:      layout_loops_ring
D:4:      layout_basic
D:5:      layout_cave_pods, minmay_temple_entry_mist,
          chequers_serial_rivers_micro_e, nicolae_stop_n_shop_1
D:6:      layout_cave_pods
D:7:      layout_cave_pools, serial_rivers, chequers_serial_rivers_large_a,
          chequers_serial_rivers_marsh, chequers_serial_rivers_micro_b,
          chequers_serial_rivers_large_b, chequers_serial_rivers_marsh,
          chequers_serial_rivers_small_b, enter_bailey_5, uniq_pikel
D:8:      layout_basic, chequers_mini_garden, kennysheep_generic_room_6
D:9:      layout_loops_ring, gammafunk_ghost_cemetery
D:10:     layout_irregular_city, mainiacjoe_overflow_surrounded_room,
          grunt_temple_overflow_octagram, grunt_lair_entry_orc_guard_hut,
          david_orc_2, serial_shops, nicolae_shop_rolling_square,
          minmay_misc_feat_rugged, serial_library_hellmonk_junction
D:11:     layout_layer_cave, uniq_harold
D:12:     layout_basic, nicolae_ru_great_annihilating_truth
D:13:     layout_stronghold, nicolae_trove_entry_free_sample,
          grunt_decor_arrowhead
D:14:     layout_cave_pods, ximxim_vaults_locker_room, st_stairs_12
D:15:     hangedman_depths_entry_try_elsewhere_first, layout_cave_pools,
          minmay_misc_feat_four_crosses, nicolae_houndstooth_variations
Lair:1:   layout_loops_ring, grunt_megastairs_2, uniq_maggie
Lair:2:   layout_chaotic_city
Lair:3:   layout_regular_city, minmay_swamp_entry_reptiles, dummy_snake_entry,
          grunt_megastairs_3
Lair:4:   layout_regular_city, minmay_slime_entry_jelly_boxes,
          grunt_megastairs_5
Lair:5:   minmay_lair_end_enchanted_forest, layout_hall_layers,
          infiniplex_staircase_pool, uniq_rupert
Swamp:1:  layout_basic_swamp, evilmike_swamp_ruin_house_1, swamp_pool_4
Swamp:2:  layout_basic_swamp, evilmike_swamp_ruin_rubble_2, uniq_frances
Swamp:3:  layout_basic_swamp, evilmike_swamp_ruin_house_6
Swamp:4:  swamp_basic_johnstein, layout_basic_swamp
Snake:1:  gammafunk_its_a_trap, layout_onion_interference
Snake:2:  layout_honeycomb, nicolae_coiled_stairwell_down, serial_bayou_shore_b,
          uniq_agnes, uniq_asterion
Snake:3:  layout_misc_corridors, serial_shops, shop_statue,
          nicolae_twisty_statue_hallways
Snake:4:  grunt_snake_rune_spirals, layout_onion, serial_shops,
          nicolae_shop_pleasant_corner_grove, uniq_aizul
Slime:1:  layout_caves
Slime:2:  layout_caves
Slime:3:  layout_caves
Slime:4:  layout_caves, basic_altar, cheibrodos_slime_lost_civilization_6
Slime:5:  slime_pit_nicolae_block_by_block, uniq_dissolution
Orc:1:    cheibrodos_orc_arena, layout_diamond_mine, serial_shops,
          nicolae_shop_peninsula, basic_altar, nicolae_orc_lost_temple,
          uniq_josephine, uniq_maurice, uniq_fannar, uniq_urug
Orc:2:    st_orc_elflike, layout_diamond_mine

Skill      XL: |  1  2  3  4  5  6  7  8  9 10 11 12 13 14 15 16 17 |
---------------+----------------------------------------------------+-----
Dodging        | 2 3 4 5 6 7 9 10 11 12 13 14 | 14.5
Fighting       | 2 3 4 6 7 9 10 11 12 13 15 16 | 16.9
Shapeshifting  | 4 5 6 7 8 10 11 12 13 14 15 | 15.7
Unarmed Combat | 4 5 6 7 8 10 11 12 14 15 | 15.9
Air Magic      | 3 5 6 |  6.0
Spellcasting   | 3 5 6 |  6.0
Translocations | 3 5 6 |  6.0

Action                     |  1- 3 |  4- 6 |  7- 9 | 10-12 | 13-15 | 16-18 || total
---------------------------+-------+-------+-------+-------+-------+-------++-------
  Melee: Unarmed           |   138 |   119 |   279 |   501 |  1173 |   653 ||  2863
         Tailslap          |    12 |     8 |    49 |    95 |   223 |       ||   387
         Punch             |     6 |     3 |     8 |       |     3 |       ||    20
         Kick              |       |       |    40 |   238 |   222 |       ||   500
         Bite              |       |       |       |    19 |   180 |       ||   199
         Constrict         |       |       |       |       |    34 |   159 ||   193
   Cast: Vhi's Electric Ch |       |       |       |       |    19 |    95 ||   114
 Invoke: Oozemancy         |       |     1 |     4 |     4 |    10 |     8 ||    27
         Slimify           |       |     1 |       |     1 |     4 |     1 ||     7
Ability: Breathe Lightning |       |       |     2 |       |     6 |       ||     8
         Begin Untransform |       |       |       |       |     1 |       ||     1
  Evoke: Wand              |       |       |       |     3 |     1 |       ||     4
    Use: Potion            |       |     1 |       |       |     2 |     1 ||     4
         Scroll            |       |     3 |     7 |     6 |     4 |     6 ||    26
   Stab: Confused          |       |     2 |     5 |    25 |     8 |       ||    40
         Sleeping          |       |     1 |       |       |       |     2 ||     3
         Paralysed         |       |       |       |     1 |     2 |       ||     3
 Armour: Skin              |    53 |    62 |   139 |   172 |   492 |   434 ||  1352
  Dodge: Dodged            |    88 |    56 |   230 |   349 |  1061 |   466 ||  2250
         Repelled          |       |       |       |     4 |     8 |       ||    12
  Block: Other             |       |       |       |    40 |    89 |       ||   129
   Form: Flux              |     1 |       |     1 |       |     2 |       ||     4
         Beast             |     1 |       |       |       |       |       ||     1
         Serpent           |       |       |       |       |     2 |       ||     2
         Blade             |       |       |       |       |     1 |       ||     1

Table legend: (Time is in decaauts)
 A = Elapsed time spent in this place.
 B = Non-inter-level travel time spent in this place.
 C = Inter-level travel time spent in this place.
 D = Time resting spent in this place.
 E = Time spent auto-exploring this place.
 F = Levels seen in this place.
 G = Mean time per level.
                   A        B        C        D        E       F      G
               +--------+--------+--------+--------+--------+-----+--------+
         Total |  28083 |  26493 |   1590 |    204 |  21274 |  36 |  780.1 |
       Dungeon |  13370 |  12639 |    731 |     39 |  10442 |  15 |  891.3 |
          Lair |   4172 |   3785 |    387 |      0 |   2878 |   5 |  834.4 |
         Swamp |   1687 |   1643 |     44 |      8 |   1283 |   4 |  421.8 |
     Snake Pit |   5276 |   5085 |    191 |    154 |   3888 |   4 | 1319.0 |
    Slime Pits |   1684 |   1591 |     93 |      0 |   1515 |   5 |  336.8 |
  Orcish Mines |   1579 |   1438 |    141 |      2 |   1107 |   2 |  789.5 |
        Bailey |    314 |    314 |      0 |      0 |    161 |   1 |  314.0 |
               +--------+--------+--------+--------+--------+-----+--------+

Top non-repeatable levels by time:
 Snake:4: 1961 daAuts
 Snake:2: 1388 daAuts
    D:11: 1267 daAuts
     D:8: 1181 daAuts
 Snake:1: 1076 daAuts
    D:13: 1023 daAuts
    D:14: 1014 daAuts
    D:15: 954 daAuts
     D:2: 934 daAuts
  Lair:4: 899 daAuts
    D:10: 886 daAuts
  Lair:3: 869 daAuts
 Snake:3: 850 daAuts
     D:5: 847 daAuts
  Lair:1: 847 daAuts
